 Dungeon Crawl Stone Soup version 0.28-a0-612-gcfc00ec14d (webtiles) character file.

Game seed: 6038019730215883965

6 spiderkeys the Ducker (level 1, -3/13 HPs)
             Began as a Deep Elf Abyssal Knight on Oct 5, 2021.
             Was an Initiate of Lugonu.
             Slain by a hobgoblin (4 damage)
             ... on level 1 of the Dungeon.
             The game lasted 00:01:54 (730 turns).

spiderkeys the Ducker (Deep Elf Abyssal Knight)      Turns: 730, Time: 00:01:54

Health: -3/13      AC:  3    Str: 16    XL:     1   Next: 75%
Magic:  4/4        EV: 12    Int: 14    God:    Lugonu [......]
Gold:   30         SH:  0    Dex: 15    Spells: 1/1 levels left

rFire   + . .      SeeInvis .   a - +1 short sword
rCold   x . .      Faith    .   (no shield)
rNeg    . . .      Spirit   .   b - +0 leather armour
rPois   .          Reflect  .   (no helmet)
rElec   .          Harm     .   (no cloak)
rCorr   .          Rampage  .   (no gloves)
Will    .....                   (no boots)
Stlth   +.........              (no amulet)
HPRegen 0.04/turn               F - ring of fire
MPRegen 0.09/turn               S - +6 ring of strength

@: no status effects
A: no striking features
a: Renounce Religion


You were on level 1 of the Dungeon.
You worshipped Lugonu.
Lugonu was noncommittal.
You visited 1 branch of the dungeon, and saw 1 of its levels.
You visited the Abyss 1 time.

You collected 30 gold pieces.


   Skills:
 + Level 2.5 Fighting
 + Level 2.1 Short Blades
 - Level 0.7 Armour
 + Level 2.5 Dodging
 + Level 0.6 Spellcasting
 + Level 2.1 Invocations


You had one spell level left.
You didn't know any spells.
Your spell library was empty.

Inventory:

Hand Weapons
 a - a +1 short sword (weapon)
Missiles
 c - 35 stones
 d - 10 arrows
Armour
 b - a +0 leather armour (worn)
Jewellery
 F - a ring of fire (left hand)
   (You found it on level 2 of the Abyss)
 S - a +6 ring of strength (right hand)
   (You found it on level 2 of the Abyss)
Scrolls
 e - a scroll of identify {unknown}

Dungeon Overview and Level Annotations

Branches:
Dungeon (1/15)

Altars:

#.####### #.#.....#
################.#.###.#
.......................#
################.#.#####
######## ###.#.#
........ . +...>.#
#####.## ....###...# #
#.....g@..# #
#.........# ## #
#.........# .####.##
#.........# ........
........... ........
........##.# ..###.##
......... .. #.# #
...###### .## #.#


You could see a hobgoblin.


Message History

You are too injured to fight recklessly!
You puncture the endoplasm!
You kill the endoplasm!
Lugonu accepts your kill.
Key pressed, stopping explore.
Key pressed, stopping explore.
You feel your health improve.
Key pressed, stopping explore.
Key pressed, stopping explore.
You see here a rat corpse.
Key pressed, stopping explore.
Key pressed, stopping explore.
You open the door.
There is an open door here.
d - 10 arrows A bat comes into view.
The bat closely misses you. 😎 HP[+4]
Your hp is fully restored (13).
You hit the bat. The bat barely misses you. The bat closely misses you.
You barely miss the bat. The bat misses you.
The bat hits you but does no damage. The bat hits you but does no damage.
The bat hits you but does no damage. The bat closely misses you.
You hit the bat.
You kill the bat!
Lugonu accepts your kill.
No target in view!
No target in view!
No target in view!
Found a stone staircase leading down.
A frilled lizard comes into view.
The frilled lizard hisses angrily.
A frilled lizard is nearby!
A frilled lizard is nearby!
The frilled lizard bites you. 😕 HP[-2]
You take 2 damage, and now have 11/13 hp.
You hit the frilled lizard.
You kill the frilled lizard!
Lugonu accepts your kill.
No target in view!
No target in view!
No target in view!
e - a scroll labelled KEQYASTR LEUTE 😎 HP[+2]
Your hp is fully restored (13).
Key pressed, stopping explore.
A kobold comes into view. It is wielding a +0 short sword.
A kobold is nearby!
The kobold shouts!
The kobold barely misses you.
You hit the kobold but do no damage. The kobold closely misses you.
You hit the kobold. The kobold closely misses you.
You hit the kobold but do no damage. The kobold closely misses you.
You hit the kobold.
You kill the kobold!
Lugonu accepts your kill.
No target in view!
No target in view!
No target in view!
No target in view!
Things that are here:
a +0 short sword; a kobold corpse Key pressed, stopping explore.
Found a stone staircase leading down.
You now have 30 gold pieces (gained 14).
A ball python comes into view.
The ball python hisses angrily.
A ball python is nearby!
A hobgoblin comes into view.
You completely miss the ball python.
The hobgoblin shouts!
The ball python bites you but does no damage.
The ball python barely misses you.
You hit the ball python. The ball python bites you.
The ball python closely misses you. 😕 HP[-2]
You take 2 damage, and now have 11/13 hp.
You hit the ball python.
You kill the ball python!
Lugonu accepts your kill. The hobgoblin hits you. 😮 HP[-4]
You take 4 damage, and now have 7/13 hp.
MASSIVE DAMAGE!! (PAUSE)
You hit the hobgoblin. The hobgoblin barely misses you.
You closely miss the hobgoblin.
The hobgoblin hits you but does no damage.
You closely miss the hobgoblin. The hobgoblin hits you.
* * * LOW HITPOINT WARNING * * *
😨 HP[-2]
You take 2 damage, and now have 5/13 hp.
You closely miss the hobgoblin. The hobgoblin hits you.
* * * LOW HITPOINT WARNING * * *
😱 HP[-4]
You take 4 damage, and now have 1/13 hp.
MASSIVE DAMAGE!! (PAUSE)
You completely miss the hobgoblin. The hobgoblin hits you.
You die...

Action                   || total
-------------------------++-------
Melee: Short sword       ||    21
Invok: Depart the Abyss  ||     1
  Use: Scroll            ||     1
Armor: Leather armour    ||     5
Dodge: Dodged            ||    14

Levels and vault maps discovered:
D:1:      minmay_arrival_open_corners, layout_basic,
          hellmonk_ecumenical_altar_pennies_from_heaven, serial_shops,
          nicolae_shop_crystal, nicolae_square_shop

Notes
Turn   | Place    | Note
-------+----------+-------------------------------------------
     0 | Abyss:1  | spiderkeys the Deep Elf Abyssal Knight began the quest for
                  | the Orb.
     0 | Abyss:1  | Reached XP level 1. HP: 13/13 MP: 4/4
     0 | Abyss:1  | magus.rc [v1.9.10]
    18 | Abyss:1  | Found a corrupted altar of Lugonu.
    47 | Abyss:1  | Found a corrupted altar of Lugonu.
    60 | Abyss:1  | Found a corrupted altar of Lugonu.
   165 | Abyss:2  | Noticed a large abomination
   220 | Abyss:2  | Noticed a ynoxinul
   224 | Abyss:2  | Noticed an ancient zyme
   257 | Abyss:2  | Noticed an ancient zyme
   259 | Abyss:2  | Noticed a large abomination
   267 | Abyss:2  | Noticed a thrashing horror
   268 | D:1      | You pass through the gate.
   268 | D:1      | Escaped the Abyss
   729 | D:1      | HP: 1/13 [hobgoblin (4)]
   730 | D:1      | Slain by a hobgoblin

Vanquished Creatures
  A bat (D:1)
  An endoplasm (D:1)
  A kobold (D:1)
  A ball python (D:1)
  A frilled lizard (D:1)
  A rat (D:1)
6 creatures vanquished.

Table legend:
 A = Non-vault XP
 B = Vault XP
 C = Vault XP percentage of total XP
 D = Non-vault monster count
 E = Vault monster count
 F = Vault count percentage of total count
                 A         B        C        D         E       F
            +---------+---------+-------+---------+---------+-------
      Total |       9 |       0 |   0.0 |       6 |       0 |   0.0
            +---------+---------+-------+---------+---------+-------
        D:1 |       9 |       0 |   0.0 |       6 |       0 |   0.0
            +---------+---------+-------+---------+---------+-------

Illustrated notes

Table legend:
 A = Kills in this place as a percentage of kills in entire the game.
 B = Kills by you in this place as a percentage of kills by you in the entire game.
 C = Kills by friends in this place as a percentage of kills by friends in the entire game.
 D = Other kills in this place as a percentage of other kills in the entire game.
 E = Experience gained in this place as a percentage of experience gained in the entire game.
 F = Experience gained in this place divided by the number of levels of this place that you have seen.
                   A       B       C       D       E      F
               +-------+-------+-------+-------+-------+----------------------
         Total | 100.0 | 100.0 |   N/A |   N/A | 100.0 |   3.0
       Dungeon | 100.0 | 100.0 |   N/A |   N/A | 100.0 |   9.0
               +-------+-------+-------+-------+-------+----------------------

Table legend: (Time is in decaauts)
 A = Elapsed time spent in this place.
 B = Non-inter-level travel time spent in this place.
 C = Inter-level travel time spent in this place.
 D = Time resting spent in this place.
 E = Time spent auto-exploring this place.
 F = Levels seen in this place.
 G = Mean time per level.
                   A        B        C        D        E       F      G
               +--------+--------+--------+--------+--------+-----+--------+
         Total |    728 |    728 |      0 |      0 |    557 |   3 |  242.7 |
       Dungeon |    460 |    460 |      0 |      0 |    411 |   1 |  460.0 |
         Abyss |    267 |    267 |      0 |      0 |    146 |   2 |  133.5 |
               +--------+--------+--------+--------+--------+-----+--------+

Top non-repeatable levels by time:
     D:1: 460 daAuts
 Abyss:1: 148 daAuts
 Abyss:2: 119 daAuts
